Map: [ESL] Inside and Out

Players

Neeb - Winner!

  • Race: Protoss Protoss
  • League: Master
  • Spawn Location: 1:00

Serral

  • Race: Zerg Zerg
  • Spawn Location: 7:00

Event: HomeStory Cup XXI

VOD

Have the link to the VOD?

Description

Time

  • Played on: July 24, 2022, 9:17 a.m.
  • Length: 17:22

All games in this series

Show
View Real Time Build Order
Export as new Build Order

Neeb Protoss - Winner!

Build Orders: 1 Gate Expand, Mass Adepts 

Get SALT Encoding   

  12  0:00  Probe  
  13  0:12  Probe  
  14  0:17  Pylon  
  14  0:24  Probe (Chrono Boost)  
  15  0:36  Probe (Chrono Boost)  
  15  0:38  Gateway  
  16  0:45  Probe (Chrono Boost)  
  16  0:49  Assimilator  
  17  0:51  Probe  
  18  1:03  Probe  
  19  1:15  Probe  
  20  1:23  Nexus  
  20  1:34  Cybernetics Core  
  20  1:37  Probe  
  21  1:41  Assimilator  
  21  1:49  Probe (Chrono Boost)  
  21  1:52  Pylon  
  22  1:59  Probe (Chrono Boost)  
  23  2:07  Adept (Chrono Boost)  
  23  2:09  Probe  
  23  2:11  Warp Gate  
  26  2:20  Twilight Council  
  26  2:21  Probe  
  27  2:30  Stalker  
  27  2:35  Probe (Chrono Boost)  
  31  2:38  Probe (Chrono Boost)  
  32  2:45  Probe (Chrono Boost)  
  32  2:48  Probe (Chrono Boost), Robotics Facility  
  32  2:50  Probe (Chrono Boost)  
  33  2:58  Probe  
  35  3:01  Probe  
  35  3:03  Gateway  
  36  3:08  Resonating Glaives (Chrono Boost)  
  36  3:10  Probe  
  37  3:14  Probe  
  37  3:16  Adept  
  40  3:22  Probe  
  40  3:25  Gateway  
  40  3:26  Probe  
  42  3:30  Gateway  
  42  3:39  Warp Prism  
  44  3:44  Pylon  
  44  3:48  Gateway  
  44  3:56  Gateway  
  44  3:59  Adept  
  46  4:03  Probe, Adept  
  46  4:04  Pylon  
  46  4:06  Probe  
  50  4:11  Pylon  
  50  4:15  Observer  
  51  4:26  Adept x4  
  59  4:36  Pylon  
  59  4:48  Adept x5  
  59  4:50  Probe  
  70  4:54  Probe  
  71  5:02  Probe  
  72  5:08  Adept  
  72  5:09  Adept x2  
  78  5:14  Pylon  
  78  5:16  Pylon  
  78  5:21  Adept  
  72  5:28  Adept x3  
  72  5:32  Probe x2  
  72  5:33  Assimilator  
  76  5:37  Assimilator  
  76  5:44  Probe x2  
  76  5:49  Adept  
  80  5:50  Adept x5  
  80  5:56  Probe  
  81  5:57  Nexus  
  81  6:00  Pylon, Robotics Bay  
  81  6:02  Probe (Chrono Boost)  
  82  6:08  Probe (Chrono Boost)  
  83  6:14  Probe (Chrono Boost), Forge  
  85  6:19  Probe (Chrono Boost)  
  85  6:20  Shield Battery  
  85  6:21  Probe (Chrono Boost)  
  85  6:24  Pylon, Probe (Chrono Boost)  
  86  6:26  Adept x2  
  86  6:28  Probe (Chrono Boost)  
  92  6:35  Sentry x2, Probe (Chrono Boost)  
  92  6:36  Sentry  
  100  6:40  Probe (Chrono Boost)  
  100  6:43  Probe (Chrono Boost)  
  100  6:44  Pylon  
  100  6:45  Probe (Chrono Boost)  
  100  6:46  Gravitic Drive  
  102  6:47  Pylon  
  102  6:49  Adept  
  102  6:52  Adept  
  102  6:54  Observer  
  102  6:56  Disruptor (Chrono Boost)  
  102  6:57  Probe  
  106  7:05  Probe (Chrono Boost)  
  105  7:08  Protoss Ground Weapons Level 1  
  105  7:10  Probe (Chrono Boost)  
  105  7:12  Probe (Chrono Boost)  
  107  7:17  Probe (Chrono Boost)  
  107  7:19  Assimilator  
  107  7:20  Assimilator  
  107  7:22  Disruptor (Chrono Boost), Probe (Chrono Boost)  
  110  7:26  Probe x2 (Chrono Boost)  
  110  7:28  Probe (Chrono Boost)  
  115  7:31  Probe  
  115  7:34  Probe  
  117  7:37  Pylon  
  117  7:42  Gateway  
  117  7:43  Probe, Gateway  
  118  7:46  Probe  
  118  7:47  Colossus (Chrono Boost), Blink  
  119  7:53  Probe  
  126  8:04  Probe  
  126  8:05  Nexus  
  127  8:06  Pylon  
  127  8:09  Pylon  
  127  8:11  Pylon  
  127  8:18  Probe x2  
  127  8:19  Probe  
  130  8:30  Colossus (Chrono Boost), Probe  
  130  8:34  Stalker x5  
  139  8:41  Extended Thermal Lance  
  143  8:42  Stalker  
  145  8:59  Probe x2  
  145  9:01  Shield Battery  
  146  9:06  Stalker x7  
  160  9:14  Disruptor (Chrono Boost)  
  160  9:16  Protoss Ground Weapons Level 2 (Chrono Boost)  
  158  9:26  Nexus  
  158  9:28  Pylon  
  155  9:39  Stalker x5  
  155  9:43  Pylon  
  155  9:44  Pylon  
  165  9:46  Disruptor (Chrono Boost)  
  165  9:47  Pylon  
  165  9:49  Pylon  
  168  9:55  Photon Cannon  
  168  9:56  Shield Battery  
  168  9:59  Templar Archives, Shield Battery  
  168  10:03  Probe x2  
  168  10:05  Stalker x2  
  174  10:14  Probe  
  174  10:15  Assimilator  
  174  10:19  Assimilator  
  175  10:24  Charge (Chrono Boost)  
  175  10:25  Zealot x6  
  175  10:31  Probe x2  
  175  10:35  High Templar x3  
  183  10:37  High Templar, Zealot x4  
  183  10:40  Pylon, Archon  
  183  10:41  Archon  
  193  10:46  Gateway  
  193  10:48  Observer (Chrono Boost), Gateway  
  194  10:50  Gateway  
  194  11:02  Psionic Storm  
  194  11:09  High Templar  
  194  11:10  High Templar  
  198  11:15  Photon Cannon x2, Archon  
  198  11:24  Nexus  
  198  11:32  Pylon  
  198  11:34  Pylon  
  198  11:35  Protoss Ground Weapons Level 3 (Chrono Boost)  
  198  11:37  Gateway  
  198  11:39  Gateway  
  198  11:41  Robotics Facility  
  198  11:43  High Templar x3  
  198  11:46  Probe x2  
  178  11:47  Stalker, Probe  
  178  11:48  Stalker  
  178  11:49  Stalker  
  178  11:51  Probe  
  170  11:58  Probe x2  
  170  11:59  Probe  
  172  12:05  High Templar  
  172  12:06  High Templar  
  176  12:10  Pylon  
  176  12:13  Probe  
  176  12:21  Zealot x3  
  176  12:22  Zealot x6  
  149  12:38  Disruptor  
  149  12:40  Probe x3 (Chrono Boost)  
  149  12:42  Probe (Chrono Boost)  
  149  12:44  High Templar x4  
  146  12:52  Probe x3 (Chrono Boost)  
  146  12:55  Probe (Chrono Boost)  
  146  12:57  Probe (Chrono Boost)  
  146  12:58  Probe (Chrono Boost), High Templar x2  
  152  12:59  Probe x2 (Chrono Boost)  
  155  13:06  Probe x2  
  155  13:09  Probe  
  156  13:15  Stalker x5  
  166  13:25  Stalker x3  
  172  13:42  High Templar  
  172  13:43  High Templar x3  
  172  13:44  Nexus  
  180  13:48  Archon  
  163  14:00  Stalker x7  
  149  14:14  High Templar  
  149  14:15  High Templar  
  153  14:18  Nexus  
  135  14:26  Immortal x2  
  143  14:31  Pylon  
  143  14:33  Zealot  
  143  14:34  Zealot x3  
  143  14:36  Zealot x4  
  159  14:50  Stalker x4  
  163  15:03  Immortal (Chrono Boost)  
  155  15:09  High Templar x2  
  155  15:10  High Templar x2  
  167  15:16  Immortal (Chrono Boost)  
  165  15:24  Zealot  
  163  15:32  Archon  
  153  15:36  Observer  
  153  15:38  Stalker x4  
  153  15:40  High Templar x3  
  175  15:50  Immortal x2  
  175  16:04  Stalker x2  
  175  16:05  Stalker x4  
  187  16:17  Zealot x5  
  193  16:29  Photon Cannon  
  193  16:31  Photon Cannon  
  189  16:43  High Templar x3  
  189  16:45  High Templar, Zealot  
  199  16:47  Archon  
  199  16:52  Archon  
  178  17:13  Archon  
Show
View Real Time Build Order
Export as new Build Order

Serral Zerg 

Build Orders: Hatch First 

Get SALT Encoding   

  12  0:00  Drone  
  13  0:11  Overlord  
  13  0:16  Drone  
  14  0:30  Drone x2  
  16  0:46  Drone  
  17  0:54  Drone, Hatchery  
  17  0:57  Drone  
  18  1:08  Extractor  
  17  1:12  Spawning Pool  
  17  1:16  Drone  
  17  1:20  Drone  
  18  1:28  Drone  
  19  1:38  Drone  
  20  1:48  Overlord  
  20  1:59  Queen  
  22  2:05  Queen  
  22  2:06  Zergling x4  
  26  2:10  Drone  
  26  2:13  Metabolic Boost  
  27  2:16  Drone  
  27  2:20  Drone  
  29  2:27  Drone  
  30  2:40  Drone, Hatchery  
  30  2:41  Drone  
  31  2:46  Queen  
  33  2:51  Overlord  
  33  2:54  Drone  
  34  2:59  Drone  
  34  3:02  Drone  
  34  3:03  Overlord  
  36  3:09  Queen  
  36  3:10  Drone  
  39  3:14  Drone x2  
  39  3:17  Drone  
  42  3:21  Drone x2  
  42  3:24  Drone  
  45  3:27  Queen  
  45  3:32  Overlord  
  45  3:33  Drone  
  48  3:35  Drone  
  48  3:40  Drone  
  50  3:43  Drone x2  
  52  3:48  Roach Warren  
  52  3:50  Queen  
  52  3:55  Drone x2  
  55  3:58  Overlord  
  55  4:02  Spore Crawler  
  54  4:04  Zergling x6  
  54  4:07  Overlord  
  57  4:12  Zergling x6  
  57  4:16  Zergling x6  
  63  4:20  Spore Crawler  
  63  4:23  Spore Crawler  
  61  4:26  Overlord  
  60  4:34  Zergling x4  
  62  4:42  Roach x6  
  73  4:48  Roach x2  
  73  4:52  Extractor  
  76  4:55  Spine Crawler  
  76  4:56  Spine Crawler, Overlord  
  76  4:58  Roach, Zergling x2  
  77  5:05  Roach, Zergling x4  
  80  5:13  Overlord  
  80  5:15  Roach  
  80  5:16  Zergling x6  
  85  5:27  Queen x2  
  84  5:30  Roach x2  
  84  5:35  Zergling x6  
  88  5:50  Drone x6  
  88  5:53  Drone  
  93  6:03  Drone x3  
  96  6:08  Lair  
  96  6:13  Drone x3  
  96  6:16  Evolution Chamber, Extractor  
  97  6:22  Drone  
  97  6:23  Drone  
  97  6:24  Drone  
  100  6:33  Drone x2  
  100  6:36  Drone  
  103  6:40  Overlord x2  
  103  6:41  Drone x3  
  103  6:45  Zerg Melee Weapons Level 1  
  106  6:47  Baneling Nest, Extractor  
  106  6:51  Overlord  
  106  6:52  Drone x3  
  106  6:53  Drone  
  105  6:58  Drone x3  
  105  7:00  Drone  
  108  7:02  Drone  
  108  7:08  Glial Reconstitution, Hatchery  
  107  7:10  Drone x2  
  107  7:12  Overlord  
  108  7:18  Drone  
  108  7:21  Overlord, Extractor x2  
  107  7:25  Drone x3  
  107  7:28  Drone x4  
  107  7:29  Centrifugal Hooks  
  113  7:31  Drone  
  113  7:32  Drone  
  113  7:33  Overseer  
  113  7:36  Roach x3  
  113  7:37  Roach x2  
  125  7:39  Overlord  
  125  7:40  Roach  
  127  7:52  Roach x2  
  127  7:53  Roach  
  133  8:00  Overlord  
  133  8:04  Overlord  
  133  8:05  Zergling x14  
  140  8:12  Zergling x10  
  145  8:19  Zergling x4  
  147  8:25  Zergling x8  
  149  8:34  Baneling x3  
  149  8:35  Baneling x10  
  149  8:41  Infestation Pit, Zergling x24  
  153  8:47  Baneling x8  
  159  8:50  Zergling x4  
  159  8:51  Zerg Melee Weapons Level 2  
  159  8:54  Zergling x10  
  152  9:05  Ravager x2  
  152  9:07  Drone x11  
  162  9:14  Drone  
  162  9:15  Drone  
  148  9:18  Hive  
  148  9:20  Drone  
  148  9:21  Drone  
  150  9:26  Drone x5  
  155  9:31  Zergling x10  
  160  9:39  Zergling x4  
  162  9:46  Zergling x8  
  162  9:48  Pneumatized Carapace, Overseer  
  166  9:54  Baneling x12  
  166  9:56  Ravager, Hatchery  
  166  9:57  Zergling x10  
  171  10:02  Overlord x2  
  171  10:03  Overlord  
  171  10:06  Overlord  
  171  10:12  Overlord  
  171  10:20  Zergling x12  
  175  10:21  Zergling x18  
  175  10:25  Drone  
  175  10:26  Drone x3  
  175  10:28  Zergling x6  
  180  10:29  Zergling x2  
  180  10:32  Adrenal Glands  
  180  10:35  Viper  
  183  10:36  Viper  
  183  10:40  Baneling x7  
  189  10:51  Baneling x4  
  189  11:02  Ultralisk Cavern, Extractor  
  189  11:03  Drone x3  
  190  11:04  Drone  
  190  11:05  Evolution Chamber  
  190  11:07  Drone, Zerg Ground Armor Level 1  
  190  11:08  Drone x2  
  190  11:09  Drone x2  
  195  11:12  Baneling x4  
  195  11:13  Baneling x7  
  195  11:14  Drone x2  
  195  11:15  Drone, Baneling  
  195  11:16  Baneling x3  
  198  11:24  Baneling x7  
  198  11:35  Zergling x8  
  190  11:53  Zergling x2  
  190  11:54  Zergling x20  
  199  11:56  Chitinous Plating  
  199  11:57  Overlord  
  199  11:58  Overlord  
  198  12:03  Overlord  
  198  12:08  Zerg Melee Weapons Level 3  
  198  12:14  Overlord  
  198  12:15  Overlord  
  198  12:18  Baneling x2  
  198  12:21  Baneling x2  
  198  12:22  Baneling  
  152  12:39  Ultralisk x2  
  152  12:40  Ultralisk  
  152  12:44  Zergling x34  
  152  12:45  Zergling x8  
  172  12:52  Ultralisk, Zergling x14  
  172  12:53  Hatchery  
  172  12:58  Zergling x10  
  189  13:04  Baneling x8  
  189  13:05  Baneling x3  
  189  13:09  Zergling x14  
  196  13:12  Baneling  
  196  13:13  Baneling x5  
  196  13:15  Anabolic Synthesis  
  195  13:22  Spore Crawler  
  195  13:23  Spine Crawler  
  195  13:25  Spine Crawler x2  
  191  13:31  Baneling x7  
  191  13:33  Drone x2  
  191  13:34  Drone x2  
  195  13:38  Extractor  
  195  13:40  Zergling x12  
  200  13:47  Zerg Ground Armor Level 2  
  177  13:56  Zergling x38  
  177  14:01  Zergling x2  
  159  14:05  Ultralisk, Zergling x2  
  146  14:11  Zergling x8  
  143  14:21  Ultralisk x3, Zergling x2  
  158  14:26  Zergling x6  
  161  14:32  Drone  
  162  14:39  Zergling x24  
  174  14:51  Ultralisk, Zergling x12  
  182  15:04  Zergling x20  
  184  15:10  Baneling x4  
  184  15:11  Baneling x2  
  184  15:20  Ultralisk, Zergling x18  
  170  15:36  Zergling x20  
  170  15:37  Zergling x2  
  179  15:43  Hydralisk Den  
  179  15:45  Spore Crawler  
  179  15:46  Spine Crawler  
  179  15:47  Spine Crawler, Drone  
  179  15:48  Extractor, Drone x2  
  179  15:49  Drone x2  
  179  15:50  Spine Crawler  
  179  15:51  Baneling x13  
  179  15:52  Zergling x8  
  179  15:56  Zergling x6  
  185  16:05  Drone x3  
  185  16:08  Ultralisk, Zergling x6  
  191  16:29  Lurker Den  
  191  16:31  Zergling x10  
  194  16:37  Lurker Den  
  185  16:41  Zergling x10  
  185  16:42  Zergling x14  
  185  16:45  Baneling x11  
  185  16:46  Baneling x7  
  185  16:58  Zergling x26  
  197  17:03  Baneling x5  
  197  17:04  Baneling x5  
Tags
 
Add a new tag
Caveats
  • Supply blocks, unpowered buildings, or Contaminate may cause inaccurate times.
  • Supply counts are checked every 10 seconds.